 Dungeon Crawl Stone Soup version 0.30-a0-210-g01b79a254e (webtiles) character file.

Game seed: 15306258649224370366

128 Flugkiller the Slasher (level 4, -1/35 HPs)
             Began as a Mummy Gladiator on Oct 4, 2022.
             Was an Initiate of Okawaru.
             Splashed by a jelly's acid (2 damage)
             ... on level 4 of the Dungeon.
             The game lasted 00:03:56 (2362 turns).

Flugkiller the Slasher (Mummy Gladiator)            Turns: 2362, Time: 00:03:57

Health: -1/35      AC: -6    Str: 17    XL:     4   Next: 86%
Magic:  4/4        EV: 12    Int:  7    God:    Okawaru [......]
Gold:   183        SH:  0    Dex: 15    Spells: 3/3 levels left

rFire   x . .      SeeInvis .    d - +4 short sword
rCold   + . .      Faith    +    (no shield)
rNeg    + + +      Spirit   .    b - +0 leather armour
rPois   ∞          Reflect  .    c - +0 helmet
rElec   .          Harm     .    k - +0 cloak
rCorr   .          Rampage  .    m - +0 pair of gloves
Will    .....                    (no boots)
Stlth   +.........               (no amulet)
HPRegen 0.25/turn                (no ring)
MPRegen 0.09/turn                (no ring)

@: corroded
A: cold resistance 1, negative energy resistance 3, torment resistance 2, heat
vulnerability 1, in touch with death 1, no potions, faith
a: Renounce Religion


You were on level 4 of the Dungeon.
You worshipped Okawaru.
Okawaru was noncommittal.
You visited 1 branch of the dungeon, and saw 4 of its levels.

You collected 183 gold pieces.

Inventory:

Hand Weapons
 a - a +0 long sword
 d - a +4 short sword (weapon)
   (You took it off a kobold on level 2 of the Dungeon)
Missiles
 e - a javelin (quivered)
 i - 2 poisoned darts
 j - 2 throwing nets
Armour
 b - a +0 leather armour (worn)
 c - a +0 helmet (worn)
 h - a +0 buckler
   (You found it on level 4 of the Dungeon)
 k - a +0 cloak (worn)
   (You found it on level 3 of the Dungeon)
 m - a +0 pair of gloves (worn)
   (You found it on level 4 of the Dungeon)
Scrolls
 f - a scroll of enchant armour
 g - a scroll of poison
 l - a scroll of brand weapon {unknown}
 n - a scroll of fear {unknown}
 t - 2 scrolls of teleportation


   Skills:
 + Level 3.4 Fighting
 - Level 4.0 Long Blades
 - Level 1.5 Throwing
 - Level 2.4 Dodging


You had 3 spell levels left.
You didn't know any spells.
Your spell library was empty.

Dungeon Overview and Level Annotations

Branches:
Dungeon (4/15) Zot: 21601
 Temple: D:4-7

Altars:
Kikubaaqudgha
Makhleb
Okawaru
Ru

Shops:
D:1 (   D:2 [


Innate Abilities, Weirdness & Mutations

You are immune to poison.
Your flesh is cold resistant. (rC+)
You are immune to negative energy. (rN+++)
You are immune to unholy pain and torment.
You are vulnerable to heat. (rF-)
You are in touch with the powers of death.
You do not drink.
You have a special connection with the divine. (Faith)


Message History

You see here a +0 pair of gloves.
m - a +0 pair of gloves You start putting on your armour.
You continue putting on your +0 pair of gloves. x4
You finish putting on your +0 pair of gloves.
A goblin comes into view. It is wielding a +0 dagger.
Found a trident.
The goblin shouts!
A goblin is nearby!
Found a scroll labelled NOREF SADOTHIT.
You hit the goblin.
You kill the goblin!
Okawaru accepts your kill.
No target in view!
No target in view!
An adder comes into view.
Found a chain mail.
The adder hisses angrily.
The adder moves out of view.
n - a scroll labelled ATZYEBL BATA You hit the adder.
The adder is moderately wounded.
The adder closely misses you.
You puncture the adder!
The adder is almost dead.
The adder bites you but does no damage.
You hit the adder.
You kill the adder!
Okawaru accepts your kill.
No target in view!
A hobgoblin comes into view.
The hobgoblin shouts!
You hear a shout!
An endoplasm comes into view.
You see here a scroll labelled NOREF SADOTHIT.
h - 2 scrolls labelled NOREF SADOTHIT (gained 1)
The hobgoblin hits you but does no damage.
You closely miss the hobgoblin. The hobgoblin barely misses you.
You completely miss the hobgoblin. The hobgoblin completely misses you.
You hit the hobgoblin.
You kill the hobgoblin!
Okawaru accepts your kill.
No target in view!
No target in view!
Things that are here:
a +0 dagger; a goblin corpse You see here a +0 trident.
You see here a puce potion.
Found an orange potion.
As you read the scroll labelled NOREF SADOTHIT, it crumbles to dust.
It is a scroll of identify.
f - a scroll of enchant armour;
r - a scroll of identify
As you read the scroll of identify, it crumbles to dust.
g - a scroll of poison Unknown command.
Found 6 stones.
Found a buckler.
You now have 156 gold pieces (gained 14).
You now have 163 gold pieces (gained 7).
You see here 6 stones.
You now have 183 gold pieces (gained 20).
Found a stone staircase leading up.
You see here a +0 buckler.
h - a +0 buckler
Okay, then.
A jelly comes into view.
A jelly is nearby!
The jelly quivers.
You hit the jelly.
Your hands burn!
The jelly is lightly wounded.
The jelly closely misses you.
You barely miss the jelly.
The jelly is lightly wounded.
You hit the jelly. The acid corrodes you!
Your hands burn!
The jelly is heavily wounded.
The jelly completely misses you.
You hit the jelly but do no damage.
Your hands burn!
The jelly is heavily wounded.
The jelly hits you.
You are splashed with acid!
You are too injured to fight recklessly!
You hit the jelly.
Your hands burn!
The jelly is severely wounded.
The jelly hits you.
* * * LOW HITPOINT WARNING * * *
The acid corrodes you!
You are splashed with acid!
* * * LOW HITPOINT WARNING * * *
Okay, then.
You aren't carrying any items that you can evoke.
Unknown command.
You can't drink.
Unknown command.
Okay, then.
Unknown command.
Unknown command.
You hit the jelly but do no damage. The acid corrodes you!
Your hands burn!
* * * LOW HITPOINT WARNING * * *
The jelly is severely wounded.
The jelly closely misses you.
Unknown command.
You hit the jelly.
Your hands burn!
You die...

##....# #.#
#.#
.##.###.#.#.##
#.####.#
..........#..#
#.......
.######.#...##
######..
##.#..# ###
##...# ##..#
#..# #@<# #J.#
#.... #.####
#.# #.# #.#
#.#


You could see a jelly.

Vanquished Creatures
  A hound (D:3)
  4 adders
  A worm (D:3)
  A dart slug (D:2)
  An orc (D:3)
  8 endoplasms
  7 goblins
  7 hobgoblins
  4 jackals (D:1)
  2 quokkas
  6 ball pythons
  2 bats
  5 frilled lizards
  3 kobolds
  5 rats
57 creatures vanquished.

Notes
Turn   | Place    | Note
-------+----------+-------------------------------------------
     0 | D:1      | Flugkiller the Mummy Gladiator began the quest for the Orb.
     0 | D:1      | Reached XP level 1. HP: 16/16 MP: 1/1
    80 | D:1      | Reached skill level 3 in Long Blades
    80 | D:1      | Reached XP level 2. HP: 16/22 MP: 2/2
   186 | D:1      | Found Seahuud's Weapon Emporium.
   968 | D:1      | Gained mutation: You are in touch with the powers of death.
                  | [Mummy growth]
   968 | D:1      | Reached XP level 3. HP: 16/27 MP: 3/3
  1211 | D:2      | Found Sorumen's Armour Boutique.
  1437 | D:3      | Reached skill level 4 in Long Blades
  1524 | D:3      | Found a sacrificial altar of Ru.
  1525 | D:3      | Found an ancient bone altar of Kikubaaqudgha.
  1527 | D:3      | Found an iron altar of Okawaru.
  1545 | D:3      | Became a worshipper of Warmaster Okawaru
  1594 | D:3      | Found a burning altar of Makhleb.
  1687 | D:3      | Reached XP level 4. HP: 32/33 MP: 4/4
  2361 | D:4      | HP: 1/35 [acid (2)]
  2362 | D:4      | Splashed by a jelly's acid

Illustrated notes

Levels and vault maps discovered:
D:1:      lightli_arrival_farm, layout_basic, serial_shops, shop, minmay_tall_x
D:2:      layout_rooms, serial_shops, nicolae_shop_hallway_plus
D:3:      layout_loops_ring, chequers_temple_overflow_statue_of_worship,
          mainiacjoe_overflow_alcove_1
D:4:      layout_loops_ring

Skill      XL: |  1  2  3  4 |
---------------+-------------+-----
Long Blades    | 3 4 |  4.0
Fighting       | 3 |  3.4
Throwing       | |  1.5
Dodging        | |  2.4

Action                   |  1- 3 |  4- 6 || total
-------------------------+-------+-------++-------
Melee: Long sword        |    89 |       ||    89
       Punch             |     1 |       ||     1
       Short sword       |    55 |    55 ||   110
Throw: Throwing net      |     3 |       ||     3
  Use: Scroll            |     1 |     2 ||     3
Armor: Leather armour    |    61 |    15 ||    76
Dodge: Dodged            |   148 |    26 ||   174

Table legend: (Time is in decaauts)
 A = Elapsed time spent in this place.
 B = Non-inter-level travel time spent in this place.
 C = Inter-level travel time spent in this place.
 D = Time resting spent in this place.
 E = Time spent auto-exploring this place.
 F = Levels seen in this place.
 G = Mean time per level.
                   A        B        C        D        E       F      G
               +--------+--------+--------+--------+--------+-----+--------+
         Total |   2398 |   2327 |     71 |    199 |   1462 |   4 |  599.5 |
       Dungeon |   2398 |   2327 |     71 |    199 |   1462 |   4 |  599.5 |
               +--------+--------+--------+--------+--------+-----+--------+

Top non-repeatable levels by time:
     D:1: 949 daAuts
     D:3: 735 daAuts
     D:2: 520 daAuts
     D:4: 192 daAuts
